AoeStats
← 陟遐自迩

Arena

507039999Analyzed
4v4 RM · 15d ago on Sep 16, 2026· 56m 11s· 8 players
Game mode
Random Map
Map size
Large (8 player)
Population
200
Speed
Normal
Resources
Standard
Victory
Conquest
Starting age
Dark Age
Ending age
Imperial Age
RankedLock teamsTeams togetherTeam positionsShared explorationLock speedFull tech treeHidden civsTurbo modeCheats
Victory
Defeat
🇭🇰 Malay · Hong Kong SAR China
1161
+15
🇭🇰 Britons · Hong Kong SAR China
1096
+18
🇹🇼 Persians · Taiwan
1054
+20
🇩🇪 Huns · Germany
1032
+21
🇬🇧 Italians · United Kingdom
1156
-19
🇩🇪 Malay · Germany
1152
-19
🇬🇷 Burmese · Greece
1148
-19
🇨🇿 Bengalis · Czechia
1102
-17
小兵兵兵
2:34 Loom
10:41 Feudal Age
14:24 Castle Age
13:11 Double-Bit Axe
13:06 Horse Collar
21:20 Town Watch
22:50 Bow Saw
24:56 Crossbowman
25:27 Fletching
27:06 Wheelbarrow
27:18 Ballistics
26:54 Bodkin Arrow
27:02 Padded Archer Armor
28:33 Heavy Plow
31:27 Imperial Age
29:23 Gold Mining
29:23 Stone Mining
32:11 Bracer
33:13 Chemistry
31:35 Arbalester
32:29 Guilds
31:53 Pikeman
32:33 Squires
35:06 Scale Mail Armor
35:21 Leather Archer Armor
35:17 Forging
35:40 Hand Cart
35:09 Halberdier
35:41 Halberdier
36:49 Yeomen
36:51 Conscription
37:36 Warwolf
39:52 Elite Skirmisher
49:58 Chain Mail Armor
50:13 Ring Archer Armor
52:39 Plate Mail Armor
52:44 Iron Casting
52:52 Iron Casting
Doge
12:07 Feudal Age
16:49 Castle Age
15:06 Double-Bit Axe
15:19 Loom
19:08 Bow Saw
20:48 Horse Collar
26:53 Wheelbarrow
26:38 Squires
26:24 Arson
28:14 Hand Cart
28:18 Heavy Plow
29:51 Forging
36:02 Imperial Age
34:59 Pikeman
35:14 Onager
37:15 Halberdier
39:36 Gold Mining
39:37 Stone Mining
39:27 Capped Ram
41:08 Iron Casting
44:14 Blast Furnace
44:07 Gold Shaft Mining
44:08 Stone Shaft Mining
48:12 Elite Karambit Warrior
49:13 Conscription
阿多卡獵陶
10:40 Feudal Age
9:27 Loom
14:30 Castle Age
12:46 Double-Bit Axe
13:21 Horse Collar
15:33 Bow Saw
15:42 Heavy Plow
23:19 Wheelbarrow
26:37 Bloodlines
27:15 Husbandry
27:47 Hand Cart
28:00 Gold Mining
28:05 Stone Mining
31:43 Imperial Age
30:11 Scale Barding Armor
30:16 Forging
30:44 Gold Shaft Mining
30:44 Stone Shaft Mining
30:46 Town Watch
30:35 Light Cavalry
31:31 Caravan
32:01 Coinage
31:32 Cavalier
32:35 Conscription
32:49 Crop Rotation
32:49 Chain Barding Armor
32:53 Ballistics
33:43 Iron Casting
33:10 Herbal Medicine
33:30 Guilds
34:30 Two-Man Saw
33:41 Savar
36:02 Chemistry
35:06 Murder Holes
38:46 Blast Furnace
38:06 Hussar
39:44 Plate Barding Armor
46:17 Banking
47:04 Masonry
51:10 Pikeman
51:50 Squires
51:36 Arson
51:55 Scale Mail Armor
53:40 Halberdier
54:42 Chain Mail Armor
55:59 Plate Mail Armor
陟遐自迩
0:39 Loom
2:06 Loom
12:13 Feudal Age
12:42 Horse Collar
18:48 Castle Age
18:34 Wheelbarrow
18:22 Double-Bit Axe
18:31 Stone Mining
20:01 Bow Saw
19:53 Heavy Plow
19:57 Gold Mining
23:56 Gold Shaft Mining
26:29 Fletching
28:00 Forging
27:56 Scale Barding Armor
35:12 Imperial Age
33:48 Hand Cart
33:18 Town Watch
34:34 Iron Casting
34:26 Chain Barding Armor
36:57 Blast Furnace
36:19 Conscription
37:13 Two-Man Saw
36:23 Husbandry
36:37 Bloodlines
37:10 Marauders
36:32 Elite Tarkan
38:42 Plate Barding Armor
38:07 Scale Mail Armor
38:07 Pikeman
38:49 Squires
38:34 Arson
41:40 Halberdier
42:50 Chain Mail Armor
42:25 Light Cavalry
45:24 Hussar
46:04 Man-at-Arms
47:35 Caravan
49:15 Bodkin Arrow
49:20 Padded Archer Armor
49:59 Coinage
49:39 Guilds
K_o_n_d_o_m
3:56 Loom
10:49 Feudal Age
10:21 Horse Collar
10:30 Double-Bit Axe
16:19 Gold Mining
17:35 Wheelbarrow
19:47 Forging
22:59 Castle Age
21:13 Arson
23:02 Husbandry
23:11 Scale Barding Armor
23:42 Iron Casting
23:12 Squires
25:49 Bow Saw
26:19 Gold Shaft Mining
35:28 Imperial Age
34:43 Heavy Plow
36:10 Elite Battle Elephant
38:06 Blast Furnace
39:52 Conscription
40:45 Pikeman
50:50 Elite Skirmisher
51:35 Thumb Ring
52:30 Padded Archer Armor
52:20 Fletching
53:38 Crossbowman
CzechNoris
5:09 Loom
10:50 Feudal Age
15:33 Castle Age
17:10 Double-Bit Axe
20:30 Horse Collar
22:53 Heavy Plow
24:34 Wheelbarrow
23:44 Town Watch
24:53 Bow Saw
24:36 Gold Mining
25:39 Stone Mining
26:24 Gold Shaft Mining
26:19 Fletching
26:30 Padded Archer Armor
28:25 Hand Cart
28:11 Town Patrol
29:11 Bloodlines
29:01 Husbandry
32:50 Imperial Age
30:50 Leather Archer Armor
32:09 Bodkin Arrow
33:30 Elite Elephant Archer
34:11 Bracer
34:42 Ring Archer Armor
36:40 Ballistics
37:21 Chemistry
36:27 Siege Engineers
36:02 Treadmill Crane
36:58 Scale Barding Armor
37:03 Forging
38:26 Chain Barding Armor
39:34 Gambesons
39:50 Squires
39:35 Arson
39:12 Elite Skirmisher
42:17 Guilds
42:35 Elite Battle Elephant
44:29 Two-Man Saw
43:59 Crop Rotation
44:46 Plate Barding Armor
44:47 Iron Casting
47:43 Conscription
48:45 Blast Furnace
49:15 Paiks
51:23 Coinage
52:47 Fortified Wall
52:33 Murder Holes
Papiz96
10:44 Feudal Age
11:08 Loom
15:21 Castle Age
14:11 Horse Collar
23:52 Wheelbarrow
28:08 Imperial Age
30:24 Chemistry
34:41 Conscription
37:25 Elite Arambai
38:13 Pikeman
38:53 Squires
39:28 Gold Mining
40:55 Halberdier
42:22 Husbandry
42:32 Bloodlines
43:59 Bloodlines
49:17 Masonry
KingUrs4721
1:33 Loom
2:23 Loom
10:18 Feudal Age
10:49 Double-Bit Axe
10:48 Horse Collar
17:31 Castle Age
17:13 Fletching
17:23 Padded Archer Armor
17:44 Gold Mining
18:26 Bodkin Arrow
20:32 Stone Mining
20:57 Town Watch
22:11 Wheelbarrow
20:59 Elite Skirmisher
24:11 Ballistics
24:56 Bow Saw
25:08 Heavy Plow
28:40 Leather Archer Armor
29:35 Town Patrol
30:29 Hand Cart
29:48 Crossbowman
31:50 Thumb Ring
32:58 Stone Shaft Mining
36:34 Imperial Age
35:51 Silk Road
37:47 Conscription
36:49 Arbalester
37:32 Bracer
38:02 Ring Archer Armor
37:01 Capped Ram
40:45 Chemistry
39:35 Heated Shot
44:42 Elite Genoese Crossbowman
51:51 Two-Man Saw
52:22 Bloodlines
52:12 Husbandry
51:32 Cavalier
Connection lost

Rejoining the realm…

Still unreachable

The connection could not be restored.

Session expired

The server has moved on; the page needs a fresh start.